 Dungeon Crawl Stone Soup version 0.25-a0-1133-g93ebf73 (webtiles) character file.

Game seed: 1316080690160129122, levelgen mode: deterministic

0 thirtiethelement the Skirmisher (level 1, 0/18 HPs)
             Began as a Demonspawn Abyssal Knight on May 23, 2020.
             Was a Follower of Lugonu.
             Slain by a worldbinder (5 damage)
             ... on level 2 of the Abyss.
             The game lasted 00:01:12 (158 turns).

thirtiethelement the Skirmisher (DsAK)               Turns: 158, Time: 00:01:13

Health: 0/18       AC:  3    Str: 12    XL:     1   Next: 0%
Magic:  2/2        EV: 11    Int: 13    God:    Lugonu [*.....]
Gold:   88         SH:  0    Dex: 12    Spells: 0/0 levels left

rFire    . . .     SeeInvis .   e - staff of earth (curse)
rCold    . . .     Gourm    .   (no shield)
rNeg     . . .     Faith    .   b - +0 leather armour
rPois    .         Spirit   .   (no helmet)
rElec    .         Reflect  .   (no cloak)
rCorr    .         Harm     .   (no gloves)
MR       .....                  (no boots)
Stlth    +.........             (no amulet)
HPRegen  0.06/turn              (no ring)
MPRegen  0.08/turn              (no ring)

@: no status effects
A: no striking features
a: Depart the Abyss, Renounce Religion


You were on level 2 of the Abyss.
You worshipped Lugonu.
Lugonu was aware of your devotion.
You were not hungry.

You visited 0 branches of the dungeon, and saw 0 of its levels.
You visited the Abyss 1 time.

You collected 88 gold pieces.

Inventory:

Hand Weapons
 a - a +1 falchion
Armour
 b - a +0 leather armour (worn)
Magical Staves
 e - a cursed staff of earth (weapon)
Scrolls
 d - a scroll of amnesia {unknown}
Comestibles
 c - a ration


   Skills:
 + Level 3.0 Fighting
 + Level 1.7 Long Blades
 + Level 1.7 Armour
 + Level 0.8 Dodging
 + Level 2.4 Invocations


You couldn't memorise any spells.
You didn't know any spells.
Your spell library was empty.

Dungeon Overview and Level Annotations

Branches:
Dungeon (0/15)

Altars:


Message History

A thrashing horror comes into view.
The thrashing horror roars!
The dream sheep ruffles its wool and motes of dream dust sparkle, to no effect.
It sticks to your hand!
e - a cursed staff of earth (weapon)
You closely miss the spiny frog. The spiny frog closely misses you.
The worldbinder calls forth creatures from the Lair of Beasts!
A spatial vortex comes into view.
The spiny frog closely misses you.
You barely miss the spiny frog.
The spiny frog disappears in a puff of smoke!
The thrashing horror barely misses you.
The thrashing horror closely misses you.
The worldbinder hits you but does no damage. x2
You completely miss the worldbinder. The thrashing horror tramples you.
You hold your ground!
The thrashing horror tramples you.
You stumble backwards!
The worldbinder hits you.
* * * LOW HITPOINT WARNING * * *
The worldbinder hits you.
You die...

###.#.#.
##.#.
##.###..#
## #...#
.## #..##
..# #..#
.v. .
##.##.# .#
##..##.#
#..#..#
#@..###
#.xF#
#§X.#
.Y#..#
.Y....#
#...#....
...#.##.##
.... . #.
..#.. . ##


You could see a spatial vortex (wandering), a thrashing horror, a worldbinder, a
blink frog (summoned) and 2 dream sheep.

Vanquished Creatures (others)
  4 starspawn tentacles (Abyss:2)
4 creatures vanquished.

Notes
Turn   | Place    | Note
-------+----------+-------------------------------------------
     0 | Abyss:1  | thirtiethelement the Demonspawn Abyssal Knight began the
                  | quest for the Orb.
     0 | Abyss:1  | Reached XP level 1. HP: 18/18 MP: 2/2
    75 | Abyss:2  | Found a corrupted altar of Lugonu.
   125 | Abyss:2  | Noticed a tentacled starspawn
   142 | Abyss:2  | Noticed a spatial vortex
   143 | Abyss:2  | Noticed a spatial vortex
   145 | Abyss:2  | Noticed a spatial vortex
   152 | Abyss:2  | Noticed a worldbinder
   154 | Abyss:2  | Noticed a spiny frog
   154 | Abyss:2  | Noticed a dream sheep
   154 | Abyss:2  | Noticed a thrashing horror
   156 | Abyss:2  | Noticed a spatial vortex
   157 | Abyss:2  | Noticed a dream sheep
   157 | Abyss:2  | Noticed a blink frog
   158 | Abyss:2  | Slain by a worldbinder

Illustrated notes

Levels and vault maps discovered:
Abyss:2:  gammafunk_corrupted_shrine

Action                   || total
-------------------------++-------
Melee: Staff             ||     3
Armor: Leather armour    ||     2
Dodge: Dodged            ||     4

Table legend:
 A = Non-vault XP
 B = Vault XP
 C = Vault XP percentage of total XP
 D = Non-vault monster count
 E = Vault monster count
 F = Vault count percentage of total count
                 A         B        C        D         E       F
            +---------+---------+-------+---------+---------+-------
      Total |       0 |       0 |   N/A |       0 |       0 |  -nan
            +---------+---------+-------+---------+---------+-------
            +---------+---------+-------+---------+---------+-------
